 Dungeon Crawl Stone Soup version 0.16.2-12-gd0ad4c3 (webtiles) character file.

3854 HenryFlower the Nimble (level 9, -1/46 HPs)
             Began as a Spriggan Berserker on Sept 20, 2015.
             Was a High Priest of Trog.
             Slain by an ogre
             ... wielding a +0 giant club
              (31 damage)
             ... on level 9 of the Dungeon.
             The game lasted 00:24:27 (10767 turns).

HenryFlower the Nimble (Spriggan Berserker)        Turns: 10767, Time: 00:24:27

Health: -1/46      AC: 10    Str: 13    XL:     9   Next: 99%
Magic:  18/18      EV: 28    Int:  9    God:    Trog [*****.]
Gold:   149        SH:  0    Dex: 18    Spells: 0 memorised, 8 levels left

rFire  + . .     SeeInvis +     a - +0 short sword (speed)
rCold  . . .     Clarity  .     F - +2 robe {MR+}
rNeg   + . .     SustAb   .     (shield restricted)
rPois  .         Gourm    .     (helmet restricted)
rElec  .         Spirit   .     f - +1 cloak
rCorr  .         Warding  +     (gloves unavailable)
rMut   .         Stasis   .     (boots unavailable)
MR     ++...                    G - amulet of warding
Stlth  +++++.....               J - +3 ring of protection
                                r - ring of protection from fire

@: very quick, very resistant to hostile enchantments, quite stealthy
A: unfitting armour, antennae 1, molten scales 1, see invisible, breathe flames
1, herbivore 3, speed 3, slow metabolism 2
a: Burn Spellbooks, Berserk, Trog's Hand, Brothers in Arms, Renounce Religion,
Breathe Fire


You were on level 9 of the Dungeon.
You worshipped Trog.
Trog was extremely pleased with you.
You were not hungry.

You visited 1 branch of the dungeon, and saw 9 of its levels.

You collected 405 gold pieces.
You spent 256 gold pieces at shops.

Inventory:

Hand weapons
 a - a +0 short sword of speed (weapon)
 b - a +0 blowgun
 l - a +2 dagger of speed
 p - a +0 short sword
 D - a +1 antimagic rapier
 E - a +3 dagger
Missiles
 v - 22 poisoned needles
 x - a throwing net (quivered)
Armour
 f - a +1 cloak (worn)
 F - a +2 robe of magic resistance (worn)
Jewellery
 r - a ring of protection from fire (left hand)
 w - the necklace of Bloodlust {*Rage +Rage MR+ Str+2 Int-2 Slay+3 Curse}
   (You found it on level 6 of the Dungeon)

   [amulet of rage]

   It affects your strength (+2).
   It affects your intelligence (-2).
   It affects your accuracy and damage with ranged weapons and melee attacks
   (+3).
   It affects your resistance to hostile enchantments.
   It lets you go berserk.
   It may make you go berserk in combat.
   It may re-curse itself when equipped.
 G - an amulet of warding (around neck)
 J - a +3 ring of protection (right hand)
Magical devices
 t - a wand of paralysis (8)
 y - a wand of cold (12)
 B - a wand of confusion (33)
Scrolls
 d - 6 scrolls of blinking
 e - 5 scrolls of teleportation
 g - a scroll of fear
 h - a scroll of enchant weapon
 i - 4 scrolls of remove curse
 n - 2 scrolls of recharging
 A - 2 scrolls of identify
Potions
 j - 3 potions of curing
 k - a potion of resistance
 m - 2 potions of magic
 o - a potion of haste
 q - a potion of restore abilities
 s - a potion of cure mutation
 u - a potion of brilliance
 z - a potion of might
Comestibles
 c - 4 bread rations
 C - 6 slices of pizza
 H - 2 royal jellies
 I - a fruit


   Skills:
 + Level 4.3 Fighting
 - Level 10.2 Short Blades
 - Level 1.3 Armour
 + Level 11.7 Dodging
 - Level 10.0 Stealth


You had 8 spell levels left.
You didn't know any spells.

Dungeon Overview and Level Annotations

Branches:
Dungeon (9/15)             Temple (0/1) D:6
   Lair: D:8-11         Orc: D:9-12

Altars:
Cheibriados
Dithmenos
Fedhas
Okawaru
Qazlal
Xom

Shops:
D:6 *


Innate Abilities, Weirdness & Mutations

You are tiny and cannot use many weapons and most armour.
You have supernaturally acute eyesight.
You are a herbivore.
You cover ground extremely quickly.
You need consume almost no food.
You have a pair of small antennae on your head.
You are partially covered in molten scales (AC +1).
You can breathe flames.


Message History

You puncture the ballistomycete!
The ballistomycete is moderately damaged.
You hit the ballistomycete but do no damage.
The ballistomycete is moderately damaged.
You hit the ballistomycete but do no damage.
The ballistomycete is moderately damaged.
You hit the ballistomycete.
The ballistomycete is heavily damaged.
You hit the ballistomycete.
The ballistomycete is severely damaged.
You hit the ballistomycete.
You destroy the ballistomycete!
The fungal colony is destroyed.
You start resting.
You sense a monster nearby.
An ogre comes into view. It is wielding a giant club.
The ogre shouts!
The ogre hits you with a giant club!!
Ouch! That really hurt!
You die...

# #####
....# ##
###.###
#####...#
......####
#...>...#
...........
#.#####.#
...##.####
#.#...#
....#.#
##.#...#
#####.#
#..@...#
....#.#
#..#O###
###.#.#
#..#...
....#.###
#..#.###
####....#
#..#.#
......#.#
####.#
.###.##.#
.#
...#.#..#
..
##.#.#.## .
#


You could see an ogre.

Vanquished Creatures
  Grinder (D:4)
  The ghost of Karasu the Stinger, an average OpVM (D:5)
  A hog (D:7)
  A human (D:7)
  A hungry ghost (D:9)
  2 sky beasts
  An orc warrior (D:7)
  An eye of draining (D:8)
  An ice beast (D:6)
  An ogre (D:9)
  A phantom (D:6)
  A centaur (D:6)
  3 big kobolds
  4 giant frogs
  2 scorpions
  3 wights (D:7)
  3 killer bees (D:5)
  A centaur zombie (D:8)
  6 crimson imps
  3 hounds
  4 iguanas
  3 goliath beetles
  2 giant frog skeletons
  A gnoll shaman (D:7)
  4 orc priests
  2 centaur skeletons (D:8)
  Natasha (twice) (D:5)
  5 orc wizards
  5 worker ants
  3 sheep
  A hound zombie (D:9)
  Robin (D:3)
  9 gnolls
  9 adders
  2 shadow imps
  A giant mite (D:5)
  3 worms
  6 giant geckos
  2 oozes
  20 orcs
  2 bat skeletons
  A bat zombie (D:4)
  17 hobgoblins
  6 quokkas
  4 ball pythons
  18 bats
  8 giant cockroaches
  2 giant gecko skeletons (D:5)
  5 giant newts
  16 goblins
  5 jackals
  A jackal skeleton (D:8)
  A jackal zombie (D:6)
  18 kobolds
  A quokka skeleton (D:6)
  16 rats
  A ballistomycete (D:9)
245 creatures vanquished.

Vanquished Creatures (collateral kills)
  A goliath beetle (D:6)
  An ooze (D:6)
2 creatures vanquished.

Vanquished Creatures (others)
  A giant spore (D:9)
1 creature vanquished.

Grand Total: 248 creatures vanquished

Notes
Turn   | Place    | Note
--------------------------------------------------------------
     0 | D:1      | HenryFlower, the Spriggan Berserker, began the quest for the Orb.
     0 | D:1      | Reached XP level 1. HP: 11/11 MP: 2/2
   156 | D:1      | Reached skill level 1 in Stealth
   611 | D:1      | Reached XP level 2. HP: 16/16 MP: 4/4
  1113 | D:2      | You fall through a shaft!
  1118 | D:3      | Reached skill level 5 in Stealth
  1118 | D:3      | Reached XP level 3. HP: 19/19 MP: 6/6
  1205 | D:2      | Acquired Trog's second power
  1210 | D:2      | Gained mutation: You are partially covered in molten scales (AC +1). [potion of mutation]
  1210 | D:2      | Gained mutation: You can breathe flames. [potion of mutation]
  1210 | D:2      | Gained mutation: You have a pair of small antennae on your head. [potion of mutation]
  1220 | D:2      | HP: 1/28 [poisoned by an adder]
  1831 | D:2      | Reached XP level 4. HP: 20/23 MP: 8/8
  2014 | D:2      | Reached skill level 6 in Stealth
  2353 | D:3      | Reached skill level 7 in Stealth
  2360 | D:3      | Reached XP level 5. HP: 18/27 MP: 10/10
  2541 | D:3      | Found a shimmering altar of Xom.
  2541 | D:3      | Found a shimmering altar of Xom.
  2541 | D:3      | Found a shimmering altar of Xom.
  2542 | D:3      | Found a shimmering altar of Xom.
  2543 | D:3      | Found a shimmering altar of Xom.
  2544 | D:3      | Found a shimmering altar of Xom.
  2545 | D:3      | Found a shimmering altar of Xom.
  2545 | D:3      | Found a shimmering altar of Xom.
  2546 | D:3      | Found a shimmering altar of Xom.
  2546 | D:3      | Found a shimmering altar of Xom.
  2547 | D:3      | Found a shimmering altar of Xom.
  2699 | D:3      | Reached skill level 8 in Stealth
  3414 | D:4      | Noticed Robin
  3813 | D:3      | Killed Robin
  3813 | D:3      | Reached skill level 9 in Stealth
  3887 | D:3      | Reached XP level 6. HP: 18/32 MP: 12/12
  4681 | D:4      | Found a blossoming altar of Fedhas.
  4716 | D:4      | Acquired Trog's third power
  4856 | D:4      | Reached skill level 10 in Stealth
  5411 | D:4      | Noticed Grinder
  5425 | D:4      | Paralysed by Grinder for 5 turns
  5446 | D:4      | Killed Grinder
  5446 | D:4      | Reached skill level 5 in Short Blades
  5446 | D:4      | Reached XP level 7. HP: 33/35 MP: 14/14
  5805 | D:5      | Entered Level 5 of the Dungeon
  6241 | D:5      | Noticed Natasha
  6245 | D:5      | Killed Natasha
  6398 | D:5      | Reached XP level 8. HP: 23/39 MP: 16/16
  6587 | D:5      | Noticed Karasu's ghost (average OpVM)
  6600 | D:5      | Killed Karasu's ghost
  6600 | D:5      | Reached skill level 5 in Dodging
  6653 | D:5      | Noticed Natasha
  7048 | D:5      | Killed Natasha
  7424 | D:6      | Found an iron altar of Okawaru.
  7443 | D:6      | Found a staircase to the Ecumenical Temple.
  8034 | D:6      | Found Jewkiv's Assorted Antiques.
  8044 | D:6      | Bought 3 scrolls of identify for 192 gold pieces
  8044 | D:6      | Bought a scroll of identify for 64 gold pieces
  8539 | D:7      | Reached XP level 9. HP: 43/43 MP: 18/18
  9164 | D:7      | Reached skill level 10 in Short Blades
  9189 | D:7      | Reached skill level 10 in Dodging
  9393 | D:7      | Received a gift from Trog
  9770 | D:8      | Reached skill level 11 in Dodging
  9912 | D:8      | Found a stormy altar of Qazlal.
  9924 | D:8      | Found a snail-covered altar of Cheibriados.
  9928 | D:8      | Found a shadowy altar of Dithmenos.
 10767 | D:9      | Slain by an ogre

Action                   |  1- 3 |  4- 6 |  7- 9 || total
-------------------------+-------+-------+-------++-------
Melee: Short sword       |    95 |    52 |   251 ||   398
       Dagger            |       |   374 |   539 ||   913
 Fire: Blowgun           |       |       |     8 ||     8
Invok: Berserk           |     1 |     6 |     3 ||    10
       Burn Spellbooks   |       |       |     2 ||     2
       Brothers in Arms  |       |       |     1 ||     1
 Abil: Breathe Fire      |     1 |       |       ||     1
  Use: Potion            |     3 |     2 |     4 ||     9
       Scroll            |       |     5 |    18 ||    23
 Stab: Sleeping          |     7 |     9 |    29 ||    45
       Invisible         |       |       |     3 ||     3
       Distracted        |       |       |     2 ||     2
  Eat: Pizza             |       |     2 |     1 ||     3
       Bread ration      |       |     1 |     3 ||     4
